 Dungeon Crawl Stone Soup version 0.20-a0-1058-g0491fde (webtiles) character file.

63 JeffiDaFish the Grave Robber (level 3, -7/26 HPs)
             Began as a Mummy Necromancer on Apr 26, 2017.
             Killed by divine providence
             ... invoked by an orc priest
              (11 damage)
             ... on level 2 of the Dungeon.
             The game lasted 00:07:00 (1642 turns).

JeffiDaFish the Grave Robber (Mummy Necromancer)    Turns: 1642, Time: 00:07:00

Health: -7/26      AC:  3    Str: 11    XL:     3   Next: 87%
Magic:  0/7        EV: 12    Int: 14    God:
Gold:   100        SH:  0    Dex: 13    Spells: 3/8 levels left

rFire    x . .     SeeInvis .   d - +1 short sword
rCold    + . .     Gourm    .   (no shield)
rNeg     + + +     Faith    .   e - +0 leather armour
rPois    ∞         Spirit   .   (no helmet)
rElec    .         Reflect  .   (no cloak)
rCorr    .         Harm     .   (no gloves)
MR       .....                  (no boots)
Stlth    ++........             (no amulet)
Regen    0.1/turn               a - ring of flight
MPRegen  0.1/turn               (no ring)

@: very slightly contaminated
A: no food or potions, fire vulnerability, cold resistance 1, negative energy
resistance 3, torment resistance, unbreathing
a: Evoke Flight


You were on level 2 of the Dungeon.
You were not hungry.

You visited 1 branch of the dungeon, and saw 2 of its levels.

You collected 100 gold pieces.

Inventory:

Hand Weapons
 d - a +1 short sword (weapon)
Armour
 e - a +0 leather armour (worn)
Jewellery
 a - a ring of flight (left hand)
Books
 b - a book of Necromancy

   Spells                             Type                      Level
   a - Pain                           Necromancy                   1
   b - Animate Skeleton               Necromancy                   1
   c - Vampiric Draining              Necromancy                   3
   d - Regeneration                   Charms/Necromancy            3
   e - Animate Dead                   Necromancy                   4
   f - Control Undead                 Necromancy                   4


   Skills:
 + Level 1.0 Fighting
 + Level 2.0 Dodging
 * Level 1.8 Stealth
 * Level 3.4 Spellcasting
 * Level 4.6 Necromancy


You had 3 spell levels left.
You knew the following spells:

 Your Spells              Type           Power        Failure   Level  Hunger
a - Pain                  Necr           ###.         4%          1    N/A
b - Animate Skeleton      Necr           N/A          4%          1    N/A
c - Vampiric Draining     Necr           ###.......   12%         3    N/A

Dungeon Overview and Level Annotations

Branches:
Dungeon (2/15)

Altars:
Nemelex Xobeh
Sif Muna


Innate Abilities, Weirdness & Mutations

You do not eat or drink.
Your flesh is vulnerable to fire.
You are immune to poison.
Your flesh is cold resistant. (rC+)
You are immune to negative energy. (rN+++)
You are immune to unholy pain and torment.
You can survive without breathing.


Message History

The orc closely misses you.
The orc hits you with a short sword of protection.
* * * LOW HITPOINT WARNING * * *
The orc priest barely misses you.
You closely miss the orc priest.
The orc priest is severely wounded.
The orc closely misses you. x2
You closely miss the orc priest.
The orc priest is severely wounded.
The orc priest closely misses you. The orc closely misses you.
The orc misses you.
Casting: Vampiric Draining
Confirm with . or Enter, or press ? or * to list all spells.
Aiming: Pain
Press: ? - help, Shift-Dir - straight line, f - orc priest
Aim: an orc priest, wielding a mace and wearing a scale mail (severely wounded, chance to defeat MR: 73%)
The orc priest writhes in agony!
The orc priest mumbles some strange prayers to Beogh against you.
Beogh smites you!
You die...

##'######.##.......######## #..
........#.##.............####
###
........#>..................# #
........####....#........#####8.
...%....#....##.#........#####..
........#.#####.o...........#>..
[.......#.#####.########....##..
##......)....##o#### #....##8.
#######.###.##o@..##########
#.#.#.##.o.........# ###
#.#.[.##...........# #.##
#.#.#####.....!...)####..# #.#.#
##................
###.#.#####..<..............
#..)......#.................
#.........#..........######.
######....##.........# #Z


You could see an orc priest and 2 orcs.

Vanquished Creatures
  An adder (D:2)
  An ooze (D:1)
  2 worms (D:2)
  3 dart slugs
  2 leopard geckos
  An orc (D:2)
  3 bats
  A giant cockroach (D:1)
  A hobgoblin (D:2)
  4 kobolds
  4 quokkas (D:2)
  A ball python (D:2)
  A frilled lizard (D:1)
  4 goblins
  6 rats
35 creatures vanquished.

Vanquished Creatures (collateral kills)
  A goblin (D:1)
  A hobgoblin (D:2)
2 creatures vanquished.

Grand Total: 37 creatures vanquished

Notes
Turn   | Place    | Note
-------+----------+-------------------------------------------
     0 | D:1      | JeffiDaFish the Mummy Necromancer began the quest for the Orb.
     0 | D:1      | Reached XP level 1. HP: 13/13 MP: 4/4
   190 | D:1      | Reached XP level 2. HP: 18/19 MP: 5/5
   208 | D:1      | Learned a level 1 spell: Animate Skeleton
   345 | D:1      | Found a sparkling altar of Nemelex Xobeh.
   842 | D:2      | Reached XP level 3. HP: 23/25 MP: 2/7
   872 | D:2      | Learned a level 3 spell: Vampiric Draining
   881 | D:2      | Found a deep blue altar of Sif Muna.
  1478 | D:2      | Reached skill level 1 in Fighting
  1642 | D:2      | Killed from afar by an orc priest

Vault maps used:
D:1:      dpeg_arrival_rooms_b, nemelex_diamond_rough_becter
D:2:      nicolae_overflow_hidden_temple, first_bread, bh_chokoban

Skill      XL: |  1  2  3 |
---------------+----------+-----
Spellcasting   | 3 |  3.4
Dodging        | 2 |  2.0
Fighting       | 1 |  1.0
Stealth        | |  1.8
Necromancy     | |  4.6

Action                   || total
-------------------------++-------
Melee: Short sword       ||    58
       Mace              ||     1
 Cast: Pain              ||    54
       Animate Skeleton  ||    13
       Vampiric Draining ||     3
  Use: Scroll            ||     5
 Stab: Sleeping          ||     1
Armor: Robe              ||     2
       Leather armour    ||    12
Dodge: Dodged            ||    48
